 Dungeon Crawl Stone Soup version 0.28-a0-1613-gdaab1c2f9b (webtiles) character file.

Game seed: 487162084601277354

1 soggyman666 the Magician (level 1, 0/15 HPs)
             Began as a Djinni Enchanter on Jan 22, 2022.
             Frozen to death by an endoplasm (6 damage)
             ... on level 1 of the Dungeon.
             The game lasted 00:00:57 (66 turns).

soggyman666 the Magician (Djinni Enchanter)           Turns: 66, Time: 00:00:57

Health: 0/15       AC:  2    Str:  7    XL:     1   Next: 22%
Gold:   0          EV: 12    Int: 16    God:
                   SH:  0    Dex: 13

rFire   + + .      SeeInvis .   a - +1 dagger
rCold   x . .      Faith    .   (no shield)
rNeg    . . .      Spirit   .   b - +0 robe
rPois   ∞          Reflect  .   (no helmet)
rElec   .          Harm     .   (no cloak)
rCorr   .          Rampage  .   (no gloves)
Will    .....                   (boots unavailable)
Stlth   ++........              (no amulet)
HPRegen 0.05/turn               (no ring)
MPRegen 0.00/turn               (no ring)

@: flying
A: sickness immunity, fire resistance 2, cold vulnerability 1, float, innate
caster, hp casting, extra vitality 1
a: no special abilities


You were on level 1 of the Dungeon.
You visited 1 branch of the dungeon, and saw 1 of its levels.

Inventory:

Hand Weapons
 a - a +1 dagger (weapon)
Armour
 b - a +0 robe (worn)
Scrolls
 d - a scroll of blinking {unknown}
Potions
 c - a potion of invisibility
 e - 2 potions of attraction {unknown}


   Skills:
 + Level 0.8 Short Blades
 + Level 2.1 Dodging
 + Level 2.4 Stealth
 + Level 2.4 Spellcasting


You couldn't memorise any spells.
You knew the following spells:

 Your Spells              Type           Power      Damage    Failure   Level
a - Ensorcelled Hibernat  Hex/Ice        18%        N/A       11%         2
b - Confusing Touch       Hex            9%         N/A       22%         3
c - Tukima's Dance        Hex            9%         N/A       22%         3
d - Dazzling Flash        Conj/Hex       18%        N/A       22%         3
Your spell library was empty.

Dungeon Overview and Level Annotations

Branches:
Dungeon (1/15)

Altars:


Innate Abilities, Weirdness & Mutations

You are immune to sickness and miasma.
You are immune to poison.
Your flesh is very heat resistant. (rF++)
You are vulnerable to cold. (rC-)
You float through the air rather than walking.
You learn spells naturally, not from books.
Your magical power is your life essence.
You have superior vitality. (+4 MHP)


Message History

The goblin shouts!
The kobold shouts!
There is an open door here.
Sorry, you're not good enough to have a special ability.
Cast which spell? (? or * to list)
You aren't experienced enough to cast this spell.
Unknown command.
You need no library to learn spells.
You need no library to learn spells.
An endoplasm comes into view.
The endoplasm quivers.
You hit the kobold.
The kobold is moderately wounded.
The kobold closely misses you.
You closely miss the kobold.
The kobold is moderately wounded.
The kobold hits you but does no damage.
You closely miss the kobold.
The kobold is moderately wounded.
You hit the kobold.
The kobold is heavily wounded.
The goblin closely misses you. The kobold closely misses you.
You hit the kobold but do no damage.
The kobold is heavily wounded.
The goblin hits you with a +0 club. The kobold closely misses you.
You hit the kobold but do no damage.
The kobold is moderately wounded.
The goblin hits you but does no damage. The kobold hits you with a +0 dagger.
The endoplasm freezes you.
You are frozen.
You hit the kobold but do no damage.
The kobold is moderately wounded.
The goblin hits you but does no damage. The kobold barely misses you.
The endoplasm barely misses you.
You miss the kobold.
The kobold is moderately wounded.
The goblin hits you with a +0 club. The kobold hits you with a +0 dagger.
You are too injured to fight recklessly!
The endoplasm freezes you.
You are frozen.
You feel a terrible chill!
You die...

##### #.?.######
#........#
#####........#
.......K.....#
......g.#
#.....J@###
........'.##
#.......#..#
.......###.#######
.!..### #.......##
..## #######..# .#
##..<..##.#
#.......#.#
#.......#.######


You could see an endoplasm, a goblin and a kobold.

Vanquished Creatures
  A giant cockroach (D:1)
1 creature vanquished.

Notes
Turn   | Place    | Note
-------+----------+-------------------------------------------
     0 | D:1      | soggyman666 the Djinni Enchanter began the quest for the
                  | Orb.
     0 | D:1      | Reached XP level 1. HP: 15/15 MP: 0/0
    66 | D:1      | Frozen to death by an endoplasm

Illustrated notes

Levels and vault maps discovered:
D:1:      lemuel_arrival_lava_pool, layout_basic, serial_glass, glass_columns_a,
          glass_columns_a, shapermc_ecumenical_altar_gd

Action                   || total
-------------------------++-------
Melee: Dagger            ||     9
 Stab: Sleeping          ||     1
Armor: Robe              ||     3
Dodge: Dodged            ||     6

Table legend: (Time is in decaauts)
 A = Elapsed time spent in this place.
 B = Non-inter-level travel time spent in this place.
 C = Inter-level travel time spent in this place.
 D = Time resting spent in this place.
 E = Time spent auto-exploring this place.
 F = Levels seen in this place.
 G = Mean time per level.
                   A        B        C        D        E       F      G
               +--------+--------+--------+--------+--------+-----+--------+
         Total |     65 |     65 |      0 |      0 |     39 |   1 |   65.0 |
       Dungeon |     65 |     65 |      0 |      0 |     39 |   1 |   65.0 |
               +--------+--------+--------+--------+--------+-----+--------+

Top non-repeatable levels by time:
     D:1: 65 daAuts
